 Dungeon Crawl Stone Soup version 0.18.1-48-g4cf74bf (webtiles) character file.

44 Ratgod the Digger (level 3, -7/19 HPs)
             Began as a Gargoyle Earth Elementalist on June 25, 2016.
             Killed by divine providence
             ... invoked by an orc priest
              (12 damage)
             ... on level 3 of the Dungeon.
             The game lasted 00:07:24 (1452 turns).

Ratgod the Digger (Gargoyle Earth Elementalist)     Turns: 1452, Time: 00:07:25

Health: -7/19      AC:  7    Str: 11    XL:     3   Next: 62%
Magic:  4/7        EV: 11    Int: 16    God:
Gold:   78         SH:  0    Dex: 10    Spells: 2 memorised, 4 levels left

rFire  . . .     SeeInvis .     b - 17 stones
rCold  . . .     Gourm    .     l - +0 leather armour
rNeg   + . .     Faith    .     (no shield)
rPois  ∞         Spirit   .     k - +0 helmet
rElec  +         Dismiss  .     (no cloak)
rCorr  .         Reflect  .     (no gloves)
SustAt .         Harm     .     (no boots)
MR     .....                    (no amulet)
Stlth  ++........               (no ring)
                                (no ring)

@: not resistant to hostile enchantments, unstealthy
A: negative energy resistance 1, electricity resistance, unbreathing,
petrification resistance, rot immunity, AC +3
a: no special abilities


You were on level 3 of the Dungeon.
You were hungry.

You visited 1 branch of the dungeon, and saw 3 of its levels.

You collected 78 gold pieces.

Inventory:

Missiles
 b - 17 stones (in hand)
Armour
 a - a +0 robe
 j - a -2 leather armour
 k - a +0 helmet (worn)
 l - a +0 leather armour (worn)
 o - a +0 chain mail
Scrolls
 e - 4 scrolls of identify
 i - a scroll of enchant armour
 p - a scroll of remove curse
 s - a scroll of random uselessness {unknown}
Potions
 f - 2 potions of agility {unknown}
 g - a potion of berserk rage {unknown}
 h - a potion of resistance {unknown}
 n - a potion of flight {unknown}
 q - a potion of invisibility {unknown}
Books
 c - a book of Geomancy

   Spells                             Type                      Level
   a - Sandblast                      Earth                        1
   b - Passwall                       Transmutation/Earth          2
   c - Stone Arrow                    Conjuration/Earth            3
   d - Petrify                        Transmutation/Earth          4
   e - Lee's Rapid Deconstruction     Earth                        5
Comestibles
 d - 2 bread rations
 r - a royal jelly


   Skills:
 - Level 1.5 Dodging
 - Level 2.1 Stealth
 * Level 3.1 Spellcasting
 + Level 0.2 Conjurations
   Level 0.7 Transmutations
 + Level 4.2 Earth Magic


You had 4 spell levels left.
You knew the following spells:

 Your Spells              Type           Power        Failure   Level  Hunger
a - Sandblast             Erth           ###...       4%          1    None
b - Stone Arrow           Conj/Erth      #.....       30%         3    ###....


Dungeon Overview and Level Annotations

Branches:
Dungeon (3/15)

Altars:

Annotations:
D:3 Natasha


Innate Abilities, Weirdness & Mutations

You are resistant to torment.
Your stone body is resilient (AC +3).
You are immune to poison.
You resist negative energy.
You are resistant to electric shocks.
You can survive without breathing.
You are immune to petrification.
You are immune to rotting.


Message History

Confirm with . or Enter, or press ? or * to list all spells.
Aiming: Sandblast
Press: ? - help, Shift-Dir - straight line, f/p - orc
Aim: an orc, wielding a club and wearing a chain mail (almost dead)
The rocky blast hits the orc.
You kill the orc!
The orc priest invokes the aid of Beogh against you.
Beogh smites you!
Ouch! That really hurt!
* * * LOW HITPOINT WARNING * * *
Natasha, Servant of Life and Death comes into view.
There is an open door here.
You close the door.
Something unseen opens the door.
An orc comes into view. It is wielding a trident.
You start resting.
The orc priest calls down the wrath of Beogh upon you.
Beogh smites you!
Ouch! That really hurt!
You die...

#.........#####.#
#.#######.......#
#.......#
#.......#
#.......#
#.......#
#.......#####...
#...............
#>.@............
#####o#.########
###...#.........
#..o#.##########
#.#.#.# #.#.#.#
#.#.#.# #.#o#o#
#.#)#.#


You could see an orc priest.

Vanquished Creatures
  An adder (D:2)
  2 oozes (D:1)
  2 orcs (D:3)
  A giant cockroach (D:2)
  5 goblins
  3 jackals (D:2)
  4 kobolds
  A quokka (D:2)
  A bat (D:1)
  A giant newt (D:2)
  3 rats
24 creatures vanquished.

Notes
Turn   | Place    | Note
--------------------------------------------------------------
     0 | D:1      | Ratgod the Gargoyle Earth Elementalist began the quest for the Orb.
     0 | D:1      | Reached XP level 1. HP: 10/10 MP: 3/3
   313 | D:1      | Reached XP level 2. HP: 15/15 MP: 1/5
   411 | D:1      | Reached skill level 4 in Earth Magic
   991 | D:2      | Reached XP level 3. HP: 19/19 MP: 5/7
  1324 | D:2      | Learned a level 3 spell: Stone Arrow
  1444 | D:3      | Noticed Natasha
  1452 | D:3      | Killed from afar by an orc priest

Skill      XL: |  1  2  3 |
---------------+----------+-----
Earth Magic    | 4 |  4.2
Spellcasting   | 3 |  3.1
Dodging        | |  1.5
Stealth        | |  2.1
Conjurations   | |  0.2
Transmutations | |  0.7

Action                   || total
-------------------------++-------
Melee: Unarmed           ||    15
Throw: Stone             ||     1
 Cast: Sandblast         ||    54
  Use: Scroll            ||     4
  Eat: Chunk             ||     1
Armor: Robe              ||     1
       Leather armour    ||    14
Dodge: Dodged            ||    33
